 Dungeon Crawl Stone Soup version 0.23.2-1-ga50397a (webtiles) character file.

Game seed: 16092908884792555872

2648 xveg the Slinger (level 9, -9/63 HPs)
             Began as a Halfling Hunter on May 9, 2019.
             Shot with a sling bullet by Joseph (18 damage)
             ... on level 7 of the Dungeon.
             The game lasted 00:10:37 (6318 turns).

xveg the Slinger (Halfling Hunter)                  Turns: 6318, Time: 00:10:38

Health: -9/63      AC: 12    Str: 16    XL:     9   Next: 93%
Magic:  9/9        EV: 10    Int:  9    God:
Gold:   147        SH:  0    Dex: 15    Spells: 8/8 levels left

rFire    . . .     SeeInvis .   B - -1 fustibalus
rCold    + . .     Gourm    .   (shield restricted)
rNeg     . . .     Faith    .   w - +1 chain mail {rF+}
rPois    .         Spirit   .   (no helmet)
rElec    .         Reflect  .   (no cloak)
rCorr    +         Harm     .   p - +0 pair of gloves
MR       .....                  (no boots)
Stlth    ..........             (no amulet)
HPRegen  0.20/turn              d - ring of ice
MPRegen  0.11/turn              i - ring of resist corrosion

@: berserk cooldown, slowed, very slow
A: small, rugged brown scales 1, mutation resistance 1
a: no special abilities


You were on level 7 of the Dungeon.
You were not hungry.

You visited 1 branch of the dungeon, and saw 8 of its levels.

You collected 287 gold pieces.
You spent 140 gold pieces at shops.

Inventory:

Hand Weapons
 a - a +1 hunting sling
 b - a +0 short sword
 B - a -1 fustibalus (weapon)
Missiles
 h - 113 stones (quivered)
 D - 7 curare-tipped needles
Armour
 c - a +0 leather armour
 p - a +0 pair of gloves (worn)
 t - a +0 ring mail
 w - a +1 chain mail of fire resistance (worn)
Jewellery
 d - a ring of ice (left hand)
 i - a ring of resist corrosion (right hand)
 y - an uncursed ring of magical power
 G - an uncursed ring of stealth
 H - a cursed ring of flight
Wands
 l - a wand of digging (5)
 F - a wand of random effects (19)
Scrolls
 e - 6 scrolls of remove curse
 m - 3 scrolls of fog
 s - 2 scrolls of identify
 E - a scroll of teleportation
Potions
 g - a potion of agility {unknown}
 j - 2 potions of haste {unknown}
 k - 2 potions of lignification
 n - a potion of curing {unknown}
 o - a potion of mutation
 r - a potion of might
 u - a potion of berserk rage
 v - a potion of heal wounds {unknown}
 x - a potion of degeneration {unknown}
 z - a potion of invisibility {unknown}
 A - a potion of brilliance {unknown}
 C - a potion of resistance
Comestibles
 f - 11 rations


   Skills:
 + Level 5.9 Fighting
 + Level 14.4 Slings
 + Level 4.8 Armour
 + Level 2.9 Dodging
 + Level 2.1 Stealth


You had 8 spell levels left.
You didn't know any spells.
Your spell library was empty.

Dungeon Overview and Level Annotations

Branches:
Dungeon (8/15)             Temple (0/1) D:5
   Lair: D:8-11

Altars:
Fedhas
Ru
Trog

Shops:
D:4 *   D:6 [%?

Annotations:
D:7 Joseph


Innate Abilities, Weirdness & Mutations

You are small and have problems with some larger weapons.
You are somewhat resistant to further mutation.
You are partially covered in rugged brown scales. (AC +1, +3% HP)


Message History

The orc wizard hits you but does no damage.
Joseph hits you but does no damage.
Unknown command.
You are too berserk!
Sorry, you're not good enough to have a special ability.
Unknown command.
You are too berserk!
You are too berserk!
You can't shoot while berserk!
Really wield
a - a +1 hunting sling?
Okay, then.
You feel a strong urge to attack something.
Joseph unwields a +0 quarterstaff.
Joseph wields a +4 hunting sling of flaming.
It bursts into flame!
Joseph shoots a sling bullet.
The sling bullet completely misses you.
You feel your anger nearly subside.
You are no longer berserk.
You are exhausted.
You feel yourself slow down.
Joseph shoots a sling bullet.
The sling bullet hits you!!
You die...

##.## ##.##### ####......... #.##
##....###### ###....... #..##
##.###......# #.#####. #.#.###..#
######.### #.##.... #.#..#...#
#.......# #.#...#. #.###.####
#.###.#.# #.#...#. ##.# ###
#.##.#..# #....... #..#
#.#.###.## ###...## #.## #######
#(@..#...# #.....
##.####...(.###..#..#..#####...##
......#....(.o...................
##.##.#.....>....................
##.##.#......@....#.##..........)
#..##.#.[...........##.#####.....
#.###.####.......)))<..# #...##
#.##......#.....#.###### #...#
......#...##...##.# #...##


You could see Joseph and an orc wizard.

Vanquished Creatures
  Pikel (D:6)
  A hippogriff (D:7)
  A wyvern (D:5)
  A hungry ghost (D:6)
  An orc warrior (D:7)
  A slave (D:6)
  A necrophage (D:7)
  4 ogres
  2 centaurs
  A bullfrog (D:7)
  A wyvern zombie (D:7)
  A scorpion (D:4)
  3 wights (D:7)
  3 crimson imps
  A bullfrog zombie (D:5)
  A bullfrog skeleton (D:6)
  2 jellies
  An orc priest (D:5)
  8 orc wizards
  Jessica (D:2)
  An iguana (D:8)
  A worker ant (D:4)
  A worker ant zombie (D:6)
  4 gnolls (D:7)
  8 adders
  A shadow imp (D:7)
  An ooze (D:3)
  4 worms
  A dart slug (D:1)
  3 leopard geckos
  11 orcs
  2 giant cockroaches
  7 hobgoblins
  19 jackals
  5 quokkas
  2 ball pythons (D:3)
  4 bats
  5 frilled lizards
  7 goblins
  7 kobolds
  2 leopard gecko skeletons
  5 rats
137 creatures vanquished.

Vanquished Creatures (others)
  An orc priest (D:6)
  4 orcs (D:6)
  A jackal skeleton (D:6)
6 creatures vanquished.

Grand Total: 143 creatures vanquished

Notes
Turn   | Place    | Note
-------+----------+-------------------------------------------
     0 | D:1      | xveg the Halfling Hunter began the quest for the Orb.
     0 | D:1      | Reached XP level 1. HP: 14/14 MP: 1/1
   132 | D:1      | Reached skill level 6 in Slings
   198 | D:1      | Reached XP level 2. HP: 19/19 MP: 2/2
   560 | D:2      | Reached XP level 3. HP: 14/24 MP: 3/3
   658 | D:2      | Noticed Jessica
   661 | D:2      | Killed Jessica
   661 | D:2      | Reached skill level 7 in Slings
   661 | D:2      | Reached XP level 4. HP: 17/30 MP: 4/4
  1277 | D:3      | Reached XP level 5. HP: 35/35 MP: 5/5
  1587 | D:3      | Found a blossoming altar of Fedhas.
  1776 | D:3      | Reached skill level 8 in Slings
  2060 | D:4      | Noticed an ogre
  2072 | D:4      | Killed an ogre
  2072 | D:4      | Reached skill level 1 in Armour
  2072 | D:4      | Reached XP level 6. HP: 35/42 MP: 6/6
  2171 | D:4      | Reached skill level 9 in Slings
  2227 | D:4      | Noticed an ogre
  2238 | D:4      | Killed an ogre
  2340 | D:4      | Found Maufalur's Lightly-Used Armoury.
  2373 | D:4      | Reached XP level 7. HP: 46/46 MP: 7/7
  2442 | D:4      | Reached skill level 10 in Slings
  2711 | D:4      | Found a sacrificial altar of Ru.
  3014 | D:5      | Entered Level 5 of the Dungeon
  3139 | D:5      | Reached skill level 11 in Slings
  3224 | D:5      | Noticed a wyvern
  3232 | D:5      | Killed a wyvern
  3232 | D:5      | Reached XP level 8. HP: 45/54 MP: 8/8
  3402 | D:5      | Found a staircase to the Ecumenical Temple.
  3418 | D:5      | Reached skill level 12 in Slings
  3783 | D:4      | Bought a -1 fustibalus for 140 gold pieces
  3915 | D:6      | Noticed Pikel
  3941 | D:6      | Killed Pikel
  3941 | D:6      | Reached skill level 13 in Slings
  3941 | D:6      | Reached XP level 9. HP: 18/60 MP: 9/9
  3984 | D:6      | Found a bloodstained altar of Trog.
  4084 | D:6      | Reached skill level 5 in Fighting
  4117 | D:6      | Found Ixtiem's Food Shop.
  4220 | D:6      | Found Sex Wox's Magic Scroll Shoppe.
  4249 | D:6      | Found Ygepp's Armour Shop.
  4883 | D:7      | Noticed a hippogriff
  4891 | D:7      | Killed a hippogriff
  4948 | D:7      | Reached skill level 14 in Slings
  5782 | D:8      | Noticed Joseph
  6313 | D:7      | Gained mutation: You are partially covered in rugged brown
                  | scales. (AC +1, +3% HP) [potion of mutation]
  6318 | D:7      | Shot with a sling bullet by Joseph

Skill      XL: |  1  2  3  4  5  6  7  8  9 |
---------------+----------------------------+-----
Slings         | 6 7 8 9 11 13 14 | 14.4
Fighting       | 2 3 4 5 |  5.9
Armour         | 1 2 4 |  4.8
Stealth        | 2 |  2.1
Dodging        | |  2.9

Action                   |  1- 3 |  4- 6 |  7- 9 || total
-------------------------+-------+-------+-------++-------
Melee: Fustibalus        |       |       |     1 ||     1
 Fire: Hunting sling     |    62 |   129 |   112 ||   303
       Fustibalus        |       |       |   261 ||   261
  Use: Scroll            |       |       |    10 ||    10
       Potion            |       |       |     2 ||     2
  Eat: Chunk             |       |     4 |     3 ||     7
       Ration            |       |       |     4 ||     4
Armor: Leather armour    |     8 |       |       ||     8
       Ring mail         |       |     2 |       ||     2
       Chain mail        |       |       |    52 ||    52
Dodge: Dodged            |    21 |    18 |    51 ||    90
